 Dungeon Crawl Stone Soup version 0.17.2 (webtiles) character file.

116 ololoev the Covered (level 4, -3/35 HPs)
             Began as a Demonspawn Fighter on June 9, 2016.
             Slain by a gnoll
             ... wielding a +0 spear
              (6 damage)
             ... on level 4 of the Dungeon.
             The game lasted 00:01:16 (149 turns).

ololoev the Covered (Demonspawn Fighter)             Turns: 149, Time: 00:01:16

Health: -3/35      AC:  7    Str: 23    XL:     4   Next: 69%
Magic:  4/4        EV:  7    Int:  9    God:
Gold:   12         SH:  9    Dex: 12    Spells: 0 memorised, 3 levels left

rFire  . . .     SeeInvis .     a - +0 war axe
rCold  . . .     Clarity  .     b - +0 scale mail
rNeg   . . .     SustAt   .     c - +0 shield
rPois  .         Gourm    .     (no helmet)
rElec  .         Spirit   .     (no cloak)
rCorr  .         Warding  .     (no gloves)
rMut   .         Stasis   +     (no boots)
MR     .....                    h - amulet of stasis
Stlth  ..........               (no ring)
                                (no ring)

@: mighty, not resistant to hostile enchantments, extremely unstealthy
A: spiny 2
a: no special abilities


Innate Abilities, Weirdness & Mutations

You are mostly covered in sharp spines.

Inventory:

Hand Weapons
 a - a +0 war axe (weapon)
Armour
 b - a +0 scale mail (worn)
 c - a +0 shield (worn)
Jewellery
 h - an amulet of stasis (around neck)
Potions
 f - a potion of agility {unknown}
 g - a potion of curing {unknown}
Comestibles
 e - a bread ration


   Skills:
 - Level 3.0 Fighting
 * Level 3.6 Axes
 + Level 3.7 Armour
 - Level 2.6 Shields


You had 3 spell levels left.
You didn't know any spells.


You were on level 4 of the Dungeon.
You were not hungry.

You visited 1 branch of the dungeon, and saw 4 of its levels.

You collected 12 gold pieces.

#+#
#######..####
+............
#.<.........
##.(.##...#..
####'###.....
#........#
#....).).#
#####@##.#
#)# # #.g
#... ####. .#
#

Notes
Turn   | Place    | Note
--------------------------------------------------------------
     0 | D:1      | ololoev the Demonspawn Fighter began the quest for the Orb.
     0 | D:1      | Reached XP level 1. HP: 18/18 MP: 1/1
   114 | D:3      | Noticed an iguana
   122 | D:3      | Killed an iguana
   122 | D:3      | Gained mutation: You are partially covered in sharp spines. [demonic ancestry]
   122 | D:3      | Reached XP level 2. HP: 21/24 MP: 2/2
   122 | D:3      | Reached XP level 3. HP: 25/29 MP: 3/3
   143 | D:4      | Gained mutation: You are mostly covered in sharp spines. [demonic ancestry]
   143 | D:4      | Reached XP level 4. HP: 26/35 MP: 4/4
   149 | D:4      | Slain by a gnoll

Dungeon Overview and Level Annotations

Branches:
Dungeon (4/15)
 Temple: D:4-7

Altars:


Message History

Sharp spines emerge from more of your body.
The orc wizard completely misses you.
You barely miss the orc wizard. The orc wizard completely misses you.
The orc wizard closely misses you.
A gnoll comes into view. It is wielding a spear.
Unknown command.
You closely miss the orc wizard. You block the orc wizard's attack.
The orc wizard gestures at you while chanting.
The magic dart hits you! The gnoll hits you but does no damage.
Unknown command.
A gnoll comes into view.
The gnoll shouts!
The orc wizard casts a spell at you. The magic dart hits you!
The gnoll hits you but does no damage.
A gnoll comes into view. It is wielding a spear.
Things that are here:
a war axe; an orc corpse You slash the gnoll!
You kill the gnoll!
You closely miss the orc wizard.
The orc wizard is struck by your spines.
The orc wizard hits you but does no damage.
The orc wizard gestures at you while chanting.
The magic dart hits you! The gnoll is struck by your spines.
The gnoll hits you but does no damage.
The orc wizard casts a spell.
The orc wizard blinks!
Unknown command.
You closely miss the gnoll.
The gnoll is heavily wounded.
You closely miss the orc wizard.
The orc wizard is heavily wounded.
The orc wizard is struck by your spines.
You kill the orc wizard!
The gnoll hits you!
Unknown command.
You slash the gnoll!
You kill the gnoll!
The gnoll hits you from afar with a spear.
You die...

You could see a gnoll.

Vanquished Creatures
  An orc priest (D:4)
  An orc wizard (D:4)
  An iguana (D:3)
  2 gnolls (D:4)
  2 orcs (D:4)
  2 giant cockroaches (D:2)
  A goblin (D:1)
  A hobgoblin (D:3)
11 creatures vanquished.

Action                   |  1- 3 |  4- 6 || total
-------------------------+-------+-------++-------
Melee: War axe           |    16 |     5 ||    21
  Use: Potion            |     1 |       ||     1

Vault maps used:
D:1:      eino_arrival_cavern_c
D:3:      first_bread, bloody_makhleb, uniq_iyjb
D:4:      overflow_temple_1_default, nicolae_overflow_crystal_walls,
          minmay_misc_feat_alley
